[Event "Swedish Chess Championship 2019: Mastarklassen-Elit"]
[Site "Stiga Sports Arena, Arenatorget 1, Eskilstuna, Sweden"]
[Date "2019.07.07"]
[Round "2.2"]
[White "Logdahl, Harald"]
[Black "Lindberg, Bengt"]
[Result "1/2-1/2"]
[TimeControl "90 minutes for 40 moves + 30 minutes for the rest of the game + 30 seconds per move from move one"]
[WhiteTitle "FM"]
[BlackTitle "IM"]
[WhiteFideId "1702734"]
[BlackFideId "1700359"]
[WhiteElo "2269"]
[BlackElo "2384"]

1. e4 c5 2. Nc3 Nc6 3. Bb5 Nd4 4. Nf3 e6 5. O-O a6 6. Be2 g6 7. Re1 Bg7 8. Bf1 Ne7 9. Nxd4 cxd4 10.
Ne2 d5 11. exd5 Nxd5 12. c4 dxc3 13. dxc3 O-O 14. Nf4 Nxf4 15. Bxf4 Bd7 16. Be3 Qc7 17. a4 Bc6 18. a5 Rac8 19.
Bb6 Qe7 20. Qg4 Kh8 21. Rad1 f5 22. Qf4 e5 23. Qd2 Qh4 24. b4 e4 25. g3 Qf6 26. Bd4 Qf7 27. c4 Ba4 28. Ra1 Rcd8 29.
Bxg7+ Qxg7 30. Qe3 Bc2 31. Ra3 g5 32. Qc3 Bd1 33. Qxg7+ Kxg7 34. b5 Rf6 35.
Ra1 Bf3 36. Rab1 Rc8 37. bxa6 bxa6 38. Rb7+ Kg6 39. Rb6 Rc5 40. Ra1 f4 41. Ra3 Kf5 42. Ra4 h5 43. h4 fxg3 44. fxg3 gxh4 45.
gxh4 Rcc6 46. Rab4 e3 47. Rxc6 Rxc6 48. Rb6 Rc5 49. Bd3+ Kf4 50. Rxa6 Kg3 51. Re6 Rxa5 52. Rxe3 Ra3 53. Kf1 Rb3 54. Ke1 Kf4 55.
Kf2 Rb2+ 56. Be2 Bg4 57. Re7 Rc2 58. Ke1 Bxe2 59. Rxe2 Rxc4 60. Kf2 Kg4 61. Kg2 Kxh4 62. Ra2 Kg4 63.
Ra1 h4 64. Kh1 Rc3 65. Rb1 h3 66. Ra1 Kg3 67. Rb1 h2 68. Rb3 Rxb3 1/2-1/2

[Event "Swedish Chess Championship 2019: Mastarklassen-Elit"]
[Site "Stiga Sports Arena, Arenatorget 1, Eskilstuna, Sweden"]
[Date "2019.07.11"]
[Round "6.5"]
[White "Logdahl, Harald"]
[Black "Andersson, Tommy"]
[Result "0-1"]
[TimeControl "90 minutes for 40 moves + 30 minutes for the rest of the game + 30 seconds per move from move one"]
[WhiteTitle "FM"]
[BlackTitle "IM"]
[WhiteFideId "1702734"]
[BlackFideId "1703803"]
[WhiteElo "2269"]
[BlackElo "2390"]

1. e4 c5 2. Nc3 d6 3. g3 Nc6 4. Bg2 g6 5. d3 Bg7 6. f4 e6 7. Nf3 Nge7 8. O-O O-O 9. Be3 b6 10. d4 Ba6 11. Re1 Rc8 12. a4 d5 13. exd5 exd5 14. Bf2 Nf5 15. dxc5 d4 16. Ne4 Nb4 17. Ne5 bxc5 18. c3 Nd5 19.
b4 Nfe3 20. Bxe3 Nxe3 21. Rxe3 dxe3 22. Nxc5 Qxd1+ 23. Rxd1 e2 24. Re1 Bxe5 25. fxe5 Bc4 26. Bf3 Rfe8 27. Bg4 Rcd8 28. e6 Rd1 29.
Rxd1 exd1=Q+ 30. Bxd1 Bxe6 31. Kf2 Bc4 32. Bf3 f5 33. Nb7 Bd3 34. Nc5 Bc4 35. Nb7 Bd3 36. Nc5 Rd8 37. Ke3 Bc4 38.
Bc6 Rd6 39. b5 Kf7 40. h4 Rd1 41. Bf3 Rd6 42. Bc6 Ke7 43. Bf3 h6 44. Bc6 g5 45. hxg5 hxg5 46. Bf3 Rd8 47. Bc6 Rd6 48.
Bf3 g4 49. Bc6 Rd1 50. Kf4 Rf1+ 51. Kg5 Kd6 52. Nb7+ Kc7 53. Nc5 Rf3 54. Nd7 Be6 55. Nc5 Bc4 56. Nd7 Rxc3 57. Kxf5 Rxg3 58.
Ne5 Be2 59. Kf4 Ra3 60. Bg2 Rxa4+ 61. Kg3 Kb6 62. Bc6 Bxb5 63. Bd5 Be2 64. Be6 Re4 65. Nd7+ Kb5 66. Bf5 Re7 67. Nf6 a5 68.
Nd5 Re5 69. Bd7+ Kc5 70. Nf6 Kd4 71. Kf4 Re7 72. Bf5 Rf7 73. Ne4 Rxf5 74. Kxf5 Bd3 0-1

[Event "Swedish Chess Championship 2019: Mastarklassen-Elit"]
[Site "Stiga Sports Arena, Arenatorget 1, Eskilstuna, Sweden"]
[Date "2019.07.14"]
[Round "9.1"]
[White "Malmstig, Erik"]
[Black "Cramling, Dan"]
[Result "1-0"]
[TimeControl "90 minutes for 40 moves + 30 minutes for the rest of the game + 30 seconds per move from move one"]
[WhiteTitle "FM"]
[BlackTitle "IM"]
[WhiteFideId "1702866"]
[BlackFideId "1700162"]
[WhiteElo "2357"]
[BlackElo "2321"]

1. d4 g6 2. c4 d6 3. Nc3 Bg7 4.
e4 e5 5.
d5 f5 6.
exf5 gxf5 7. Qh5+ Kf8 8. f4 Nf6 9. Qh4 Na6 10. fxe5 dxe5 11. Bh6 Qe7 12. O-O-O Bd7 13. h3 Re8 14.
Be2 Nc5 15. Bxg7+ Kxg7 16. Qg5+ Kf7 17. d6 cxd6 18. Nd5 Nxd5 19. Bh5+ Kf8 20. Qh6+ Qg7 21. Qxd6+ Re7 22. g4 Qg5+ 23.
Kb1 Ne4 24. Qxd5 Bc6 25. Qa5 b6 26. Qe1 Nd2+ 27. Rxd2 Bxh1 28. Ne2 Be4+ 29. Ka1 Qe3 30. gxf5 Bxf5 31. Rd6 Re6 32. Rd7 Rg6 33.
Rxa7 Rhg8 34. Bxg6 Rxg6 35. a4 Rg2 36. Qb4+ Qc5 37. Qxc5+ bxc5 38. Nc3 Bd3 39. b3 e4 40. Nd5 Rg1+ 41. Kb2 Rg2+ 42. Kc1 Rc2+ 43.
Kd1 Rb2 44. Rc7 Rb1+ 45. Kd2 Rb2+ 46. Ke1 e3 47. Nxe3 Re2+ 48. Kd1 Rxe3 49. Kd2 Rxh3 50. Rxc5 Be4 51. Re5 Bg2 52. b4 Ra3 53.
a5 Kf7 54. Kc2 Kf6 55. Re8 h5 56. Kb2 Rg3 57. a6 Rg7 58. Rh8 Bf3 59. b5 Kg5 60. b6 h4 61. Kc3 Kg4 62. c5 h3 63.
a7 Rg6 64. a8=Q Bxa8 65. Rxa8 Rg5 66. Kd4 h2 67. Ra1 Kf3 68. b7 Rg1 69. b8=Q Rxa1 70. Qxh2 1-0

[Event "Swedish Chess Championship 2019: Mastarklassen-Elit"]
[Site "Stiga Sports Arena, Arenatorget 1, Eskilstuna, Sweden"]
[Date "2019.07.14"]
[Round "9.4"]
[White "Ernst, Thomas"]
[Black "Lindberg, Bengt"]
[Result "0-1"]
[TimeControl "90 minutes for 40 moves + 30 minutes for the rest of the game + 30 seconds per move from move one"]
[WhiteTitle "GM"]
[BlackTitle "IM"]
[WhiteFideId "1700065"]
[BlackFideId "1700359"]
[WhiteElo "2335"]
[BlackElo "2384"]

1. e4 c5 2. Nf3 e6 3. d4 cxd4 4. Nxd4 Nc6 5. Nc3 Qc7 6. g3 a6 7. Bg2 Nge7 8. Nde2 b5 9. O-O Bb7 10.
b3 Ng6 11. Be3 Rc8 12. f4 Ba3 13. Qd2 Nce7 14. Rad1 f5 15. Qd4 fxe4 16. Bxe4 Bxe4 17. Qxe4 O-O 18. Rd2 Nf5 19. Bf2 Bc5 20.
a4 b4 21. Nd1 Bxf2+ 22. Rxf2 a5 23. Ne3 Nxe3 24. Qxe3 Ne7 25. Qd3 Nd5 26. Nd4 g6 27. Nb5 Qb6 28. Qe4 Rc5 29. Qd4 Rfc8 30.
Rfe2 R8c6 31. Rf2 Qb8 32. Kf1 Qf8 33. Na7 Rc7 34. Nb5 Rc8 35. Na7 Re8 36. Nb5 Ra8 37. Kg1 Rc6 38. Na7 Rc3 39. Nb5 Re3 40. Rfe2 Rxe2 41.
Rxe2 Rc8 42. Rd2 Rc5 43. Na7 h6 44. Nb5 Kh7 45. Rf2 Nf6 46. Qd6 Kg7 47. Rd2 Rc6 48. Qxf8+ Kxf8 49. Nd6 Ke7 50.
Nc4 Ra6 51. Kg2 g5 52. Kf3 d5 53. Ne5 Ne4 54. Rg2 Ra8 55. h4 Rc8 56. hxg5 hxg5 57. fxg5 Nxg5+ 58. Kf4 Ne4 59. g4 Rf8+ 60.
Ke3 Kd6 61. Nc4+ Kc5 62. Nd2 Ng5 63. Rh2 Rg8 64. Rh5 Kd6 65. Nf3 Nxf3 66. Kxf3 Rc8 67. Rh2 Rc3+ 68. Kf4 e5+ 69. Kg5 e4 70.
Kh6 Rg3 71. g5 e3 72. g6 Ke5 73. Kh7 Kf6 74. Rh4 Rxg6 75. Rh3 e2 76. Rf3+ Kg5 77. Re3 Rh6+ 78. Kg7 Rh2 79. Kf7 Kf4 80.
Re8 0-1